 Dungeon Crawl Stone Soup version 0.21.1-1-g345015f (webtiles) character file.

64218 nightchill the Unseen (level 15, -1/100 HPs)
             Began as a Kobold Berserker on June 8, 2018.
             Was an Elder of Trog.
             Killed by angry trees
             ... awakened by a spriggan druid
              (7 damage)
             ... on level 1 of the Swamp on June 11, 2018.
             The game lasted 02:29:12 (28463 turns).

nightchill the Unseen (Kobold Berserker)           Turns: 28463, Time: 02:29:15

Health: -1/100     AC: 22    Str: 18    XL:     15   Next: 53%
Magic:  21/21      EV: 16    Int:  9    God:    Trog [****..]
Gold:   1238       SH:  0    Dex: 17    Spells: 14/14 levels left

rFire    + . .     SeeInvis .   a - +5 short sword (holy)
rCold    + . .     Gourm    .   (shield restricted)
rNeg     . . .     Faith    .   X - +5 chain mail "Muvoecw" {*Drain rPois rCorr}
rPois    +         Spirit   .   T - +1 helmet
rElec    .         Reflect  .   V - +0 cloak
rCorr    +         Harm     .   N - +0 pair of gloves
MR       +++..                  v - +1 pair of boots
Stlth    +++.......             h - amulet of regeneration
HPRegen  1.66/turn              G - ring of protection from cold
MPRegen  0.17/turn              C - ring of protection from fire

@: about to teleport, berserk cooldown, regenerating, slowed, very slow
A: small, carnivore
a: Berserk, Trog's Hand, Brothers in Arms, Burn Spellbooks, Renounce Religion


You were on level 1 of the Swamp.
You worshipped Trog.
Trog was greatly pleased with you.
You were not hungry.

You visited 4 branches of the dungeon, and saw 22 of its levels.

You collected 1264 gold pieces.
You spent 26 gold pieces at shops.

Inventory:

Hand Weapons
 a - a +5 short sword of holy wrath (weapon)
 b - a +0 arbalest of freezing
 w - a +6 antimagic quick blade
 I - a +2 short sword of distortion
Missiles
 y - 81 bolts
 B - 27 tomahawks (quivered)
 D - 7 exploding tomahawks
 H - a throwing net
Armour
 i - a +1 buckler
 k - the +8 chain mail of Elyvilon's Envy {Int+6}
   (You found it on level 1 of the Swamp)

   It affects your intelligence (+6).
 v - a +1 pair of boots (worn)
 N - a +0 pair of gloves (worn)
 T - a +1 helmet (worn)
 V - a +0 cloak (worn)
 X - the +5 chain mail "Muvoecw" (worn) {*Drain rPois rCorr}
   (You found it on level 4 of the Lair of Beasts)

   It protects you from poison.
   It protects you from acid and corrosion.
   It causes draining when unequipped.
Jewellery
 h - an amulet of regeneration (around neck)
 C - a ring of protection from fire (right hand)
 G - a ring of protection from cold (left hand)
 U - the ring "Bugganke" {rCorr Int+3 Dex+2}
   (You found it on level 12 of the Dungeon)

   [ring of resist corrosion]

   It affects your intelligence (+3).
   It affects your dexterity (+2).
Wands
 E - a wand of iceblast (17)
 F - a wand of digging (19)
 L - a wand of acid (21)
 P - a wand of paralysis (27)
Scrolls
 e - 5 scrolls of enchant weapon
 f - 7 scrolls of remove curse
 l - a scroll of fear
 q - 5 scrolls of identify
 t - 2 scrolls of blinking
 x - 3 scrolls of magic mapping
 A - 12 scrolls of teleportation
 J - a scroll of enchant armour
 O - a scroll of immolation
 Z - 3 scrolls of fog
Potions
 d - 19 potions of curing
 g - 3 potions of magic
 j - 6 potions of lignification
 o - 3 potions of mutation
 p - a potion of berserk rage
 r - 2 potions of might
 s - 5 potions of invisibility
 u - a potion of resistance
 z - a potion of brilliance
 Q - 2 potions of haste
 Y - a potion of agility
Books
 n - a book of Spatial Translocations

   Spells                             Type                      Level
   a - Blink                          Translocation                2
   b - Shroud of Golubria             Charms/Translocation         2
   c - Lesser Beckoning               Translocation                3
   d - Gell's Gravitas                Translocation                3
   e - Teleport Other                 Translocation                3
   f - Passage of Golubria            Translocation                4
   Trog disapproves of the use of such an item.
 K - a book of Minor Magic

   Spells                             Type                      Level
   a - Magic Dart                     Conjuration                  1
   b - Blink                          Translocation                2
   c - Call Imp                       Summoning                    2
   d - Slow                           Hexes                        2
   e - Conjure Flame                  Conjuration/Fire             3
   f - Mephitic Cloud                 Conjuration/Poison/Air       3
   Trog disapproves of the use of such an item.
 W - the Compendium of Earthen Calling
   (You found it on level 6 of the Lair of Beasts)

   Spells                             Type                      Level
   a - Sandblast                      Earth                        1
   b - Call Imp                       Summoning                    2
   c - Passwall                       Transmutation/Earth          2
   d - Recall                         Summoning/Translocation      3
   e - Statue Form                    Transmutation/Earth          6
   Trog disapproves of the use of such an item.
Miscellaneous
 R - a phial of floods
 S - a sack of spiders
Comestibles
 c - 35 rations


   Skills:
 + Level 14.1 Fighting
 - Level 12.0 Short Blades
 * Level 13.4 Crossbows
 - Level 5.7 Armour
 - Level 11.3 Dodging
 + Level 15.4 Stealth
 + Level 3.3 Shields
 - Level 8.1 Evocations


You had 14 spell levels left.
You didn't know any spells.

Dungeon Overview and Level Annotations

Branches:
Dungeon (14/15)            Temple (1/1) D:5            Lair (6/6) D:8
  Swamp (1/4) Lair:2       Spider (0/4) Lair:3        Slime (0/5) Lair:6
    Orc (0/2) D:12
 Vaults: D:13-14

Altars:
Dithmenos
Elyvilon
Fedhas
Gozag
Makhleb
Okawaru
Qazlal
Ru
Sif Muna
The Shining One
Jiyva

Shops:
D:5 *   D:7 ?(   D:10 [   D:12 %

Annotations:
D:2 exclusion: downstairs
D:7 exclusion: downstairs
D:9 exclusion: skeleton
D:10 exclusion: oklob plant
D:12 exclusion: 2 downstairs
D:13 1 runed door
Lair:3 2 exclusions
Lair:6 exclusion: oklob plant


Innate Abilities, Weirdness & Mutations

You are small and have problems with some larger weapons.
You are carnivorous and can eat meat at any time.


Message History

You hit the spriggan druid.
The spriggan druid is moderately wounded.
The spriggan druid points at you and mumbles some strange words.
The stone arrow hits you!
* * * LOW HITPOINT WARNING * * *
You hit the spriggan druid.
The spriggan druid is heavily wounded.
You feel roots moving beneath the ground.
You are hit by a branch!
* * * LOW HITPOINT WARNING * * *
The spriggan druid closely misses you.
Okay, then.
Okay, then.
As you read the scroll of teleportation, it crumbles to dust.
You feel strangely unstable. Branches wave dangerously above you.
You are hit by a branch!
* * * LOW HITPOINT WARNING * * *
You are hit by a branch!
You die...

#.#†###♣#.#........§.≈
#)♣.# ÷#÷#.....≈≈≈.≈.
#.#.♣ .#.#.≈≈≈.≈≈≈...
#.♣.# .#.#..≈≈.....≈♣
♣.#.# .♣.#.........♣♣
#.#÷# .#)♣......)..♣
♣.♣.♣ .♣÷#♣♣♣♣♣♣♣♣♣♣
♣.#.##♣.♣.♣
#÷#..@ii#.#
#.#♣####♣.#
♣.).....÷.#
#♣♣♣♣##♣♣##


You could see 2 spriggan druids.

Vanquished Creatures
  Kirke (Swamp:1)
  Aizul (Swamp:1)
  The ghost of Kagorn the Fighter, a journeyman GrBe of Trog (Lair:6)
  6 hydras
  4 ghost crabs (Swamp:1)
  A merfolk avatar (Lair:6)
  2 centaur warriors (D:13)
  7 two-headed ogres
  2 alligators
  A death knight (D:13)
  The ghost of olivier the Blocker, a novice GnFi of Xom (D:8)
  A tengu warrior (D:11)
  3 spriggan druids (Swamp:1)
  An unseen horror (D:12)
  A deep troll (D:13)
  2 shambling mangroves (Swamp:1)
  A swamp dragon (Swamp:1)
  A harpy (Lair:6)
  An orc knight (D:13)
  An ugly thing (D:13)
  A cyclops (D:13)
  2 manticores
  5 black mambas
  4 elephants (Lair:6)
  A torpor snail (Lair:4)
  3 apocalypse crabs (Swamp:1)
  A gargoyle (D:10)
  11 spiny frogs
  A rime drake (Lair:6)
  2 freezing wraiths (D:13)
  11 komodo dragons
  A tengu conjurer (D:11)
  4 polar bears (Lair:6)
  A wind drake (Lair:6)
  3 blink frogs (Lair:5)
  2 meliai (D:13)
  6 hornets
  5 trolls
  9 hippogriffs
  A tyrant leech (Swamp:1)
  A meliai zombie (D:12)
  5 dream sheep (Lair:6)
  A bog body (Swamp:1)
  21 yaks
  3 wyverns
  2 basilisks (Lair:2)
  2 hogs (Swamp:1)
  2 hungry ghosts
  3 wargs (D:8)
  5 vampire mosquitoes
  A steam dragon (Lair:3)
  12 water moccasins
  4 swamp worms
  2 acid dragons
  3 swamp drakes (Swamp:1)
  8 porcupines
  6 sky beasts
  2 ice beasts
  7 ogres
  6 orc warriors
  2 phantoms
  6 centaurs
  Blork the orc (D:6)
  10 crocodiles
  4 big kobolds
  9 bullfrogs
  A wyvern zombie (D:10)
  6 scorpions
  9 killer bees
  13 wights
  An electric eel (Lair:2)
  7 howler monkeys
  6 crimson imps
  2 bullfrog zombies (D:7)
  A quasit (D:7)
  3 jellies
  7 orc priests
  3 bullfrog skeletons
  2 centaur zombies
  A gnoll shaman (D:7)
  7 centaur skeletons
  11 hounds
  16 orc wizards
  9 iguanas
  13 worker ants
  A killer bee zombie (D:6)
  2 hound skeletons (D:6)
  A howler monkey zombie (D:7)
  3 worker ant zombies
  15 adders
  10 gnolls
  A howler monkey skeleton (D:6)
  4 shadow imps
  2 adder skeletons
  An adder zombie (D:8)
  A worm (D:2)
  3 dart slugs
  10 leopard geckos
  56 orcs
  5 giant cockroaches
  11 goblins
  13 hobgoblins
  18 jackals
  25 kobolds
  5 quokkas
  A ball python (D:1)
  4 bats
  2 frilled lizards (D:1)
  A jackal skeleton (D:4)
  A jackal zombie (D:9)
  A leopard gecko zombie (D:6)
  7 rats
563 creatures vanquished.

Vanquished Creatures (collateral kills)
  A hydra (D:13)
  The ghost of Alelolelolen the Poker, a novice NaBe of Trog (D:6)
  2 elephants (Lair:6)
  A meliai (D:13)
  2 dream sheep (Lair:4)
  2 yaks
  An orc warrior (D:12)
  A crocodile (Lair:6)
  A bullfrog (D:13)
  4 orcs
16 creatures vanquished.

Vanquished Creatures (others)
  A human (Swamp:1)
  A bush (Lair:3)
  8 fungi
  18 plants
  8 toadstools (D:10)
36 creatures vanquished.

Grand Total: 615 creatures vanquished

Notes
Turn   | Place    | Note
-------+----------+-------------------------------------------
     0 | D:1      | nightchill the Kobold Berserker began the quest for the Orb.
     0 | D:1      | Reached XP level 1. HP: 14/14 MP: 1/1
   211 | D:1      | Found a glowing golden altar of the Shining One.
   527 | D:1      | Reached skill level 1 in Stealth
   527 | D:1      | Reached XP level 2. HP: 19/19 MP: 2/2
   936 | D:1      | Reached skill level 5 in Short Blades
   936 | D:1      | Reached XP level 3. HP: 19/23 MP: 3/3
  1089 | D:1      | Reached skill level 2 in Stealth
  1925 | D:2      | Reached ** piety under Trog
  1959 | D:2      | Reached XP level 4. HP: 23/28 MP: 4/4
  2252 | D:2      | Found a faded altar of an unknown god.
  2440 | D:2      | Reached skill level 3 in Stealth
  2843 | D:2      | Reached XP level 5. HP: 32/32 MP: 5/5
  2887 | D:2      | Found a white marble altar of Elyvilon.
  4169 | D:3      | Reached skill level 4 in Stealth
  4366 | D:3      | Reached *** piety under Trog
  4436 | D:3      | Reached XP level 6. HP: 37/37 MP: 6/6
  4442 | D:3      | Found a blossoming altar of Fedhas.
  5115 | D:4      | Noticed an ogre
  5126 | D:4      | Killed an ogre
  5126 | D:4      | Reached skill level 5 in Stealth
  5126 | D:4      | Reached XP level 7. HP: 41/41 MP: 7/7
  6104 | D:5      | Entered Level 5 of the Dungeon
  6104 | D:5      | Found Esebaehu's General Store.
  6104 | D:5      | Found a stormy altar of Qazlal.
  6511 | D:5      | Reached skill level 6 in Stealth
  6755 | D:5      | Found an opulent altar of Gozag.
  6938 | D:5      | Reached XP level 8. HP: 46/46 MP: 8/8
  6985 | D:5      | Reached skill level 10 in Short Blades
  7127 | D:5      | Found a staircase to the Ecumenical Temple.
  7136 | Temple   | Entered the Ecumenical Temple
  7284 | D:5      | Reached skill level 7 in Stealth
  7737 | D:6      | Noticed Blork the orc
  7754 | D:6      | Killed Blork the orc
  7804 | D:6      | Reached **** piety under Trog
  7885 | D:6      | Found a sacrificial altar of Ru.
  8078 | D:6      | Reached skill level 8 in Stealth
  8255 | D:6      | Found a burning altar of Makhleb.
  8255 | D:6      | Noticed an Executioner
  8500 | D:6      | Reached XP level 9. HP: 52/52 MP: 9/9
  8783 | D:6      | Noticed Alelolelolen's ghost (novice NaBe)
  8792 | D:6      | Killed Alelolelolen's ghost
  9289 | D:7      | Noticed a two-headed ogre
  9305 | D:7      | Killed a two-headed ogre
  9305 | D:7      | Reached skill level 5 in Fighting
  9305 | D:7      | Reached skill level 5 in Dodging
  9305 | D:7      | Reached skill level 9 in Stealth
  9430 | D:7      | Found Otarilal's Antique Weapon Emporium.
  9512 | D:7      | Reached skill level 10 in Stealth
  9512 | D:7      | Reached XP level 10. HP: 55/60 MP: 10/10
  9928 | D:7      | Found Ograst's Magic Scroll Boutique.
 10017 | D:7      | Bought a scroll of identify for 26 gold pieces
 10352 | D:7      | Found a deep blue altar of Sif Muna.
 10561 | D:8      | Reached skill level 11 in Stealth
 10839 | D:8      | Found a staircase to the Lair.
 10878 | D:8      | Noticed a two-headed ogre
 11154 | D:8      | Found a shadowy altar of Dithmenos.
 11154 | D:8      | Noticed olivier's ghost (novice GnFi)
 11185 | D:8      | Killed olivier's ghost
 11690 | D:9      | Noticed a two-headed ogre
 11697 | D:9      | Killed a two-headed ogre
 11697 | D:9      | Reached skill level 12 in Stealth
 11697 | D:9      | Reached XP level 11. HP: 68/68 MP: 11/11
 11760 | D:9      | Noticed a two-headed ogre
 11791 | D:9      | Killed a two-headed ogre
 11917 | D:9      | Noticed a two-headed ogre
 12034 | D:8      | Killed a two-headed ogre
 12079 | D:9      | Found an iron altar of Okawaru.
 12323 | D:9      | Noticed a cyclops
 12786 | D:10     | Entered Level 10 of the Dungeon
 12861 | Lair:1   | Entered Level 1 of the Lair of Beasts
 12931 | Lair:1   | Reached skill level 1 in Evocations
 13588 | Lair:1   | Noticed a five-headed hydra
 13614 | Lair:1   | Killed a five-headed hydra
 14124 | Lair:1   | Reached skill level 13 in Stealth
 15073 | Lair:2   | Reached XP level 12. HP: 77/77 MP: 14/14
 15311 | Lair:2   | Found a staircase to the Swamp.
 15988 | Lair:3   | Reached skill level 10 in Fighting
 16313 | Lair:3   | Received a gift from Trog
 16374 | Lair:3   | Reached skill level 10 in Dodging
 16488 | Lair:3   | Found a hole to the Spider Nest.
 16762 | Lair:4   | Got a smoking chain mail
 16783 | Lair:4   | Identified the +5 chain mail "Muvoecw" {*Drain rPois rCorr} (You found it on level 4 of the Lair of Beasts)
 16845 | Lair:4   | Reached skill level 5 in Evocations
 17681 | Lair:5   | Reached skill level 5 in Armour
 19081 | D:10     | Reached ***** piety under Trog
 19340 | D:10     | Received a gift from Trog
 19340 | D:10     | Reached XP level 13. HP: 84/84 MP: 18/18
 19459 | D:10     | Found Yzismes's Antique Armour Shoppe.
 19530 | D:10     | Found a blossoming altar of Fedhas.
 19893 | D:11     | Noticed a four-headed hydra
 19902 | D:10     | Killed a four-headed hydra
 19902 | D:10     | Reached skill level 14 in Stealth
 20749 | D:11     | Received a gift from Trog
 21387 | D:12     | Got a scintillating turquoise ring
 21408 | D:12     | Reached skill level 5 in Crossbows
 21418 | D:12     | Identified the ring "Bugganke" {rCorr Int+3 Dex+2} (You found it on level 12 of the Dungeon)
 21777 | D:12     | Found Siotodoumn's Food Boutique.
 21905 | D:12     | Found a staircase to the Orcish Mines.
 22198 | D:13     | Found a labyrinth entrance.
 22692 | D:13     | Noticed a centaur warrior
 22714 | D:13     | Noticed a six-headed hydra
 22772 | D:13     | Killed a six-headed hydra
 22821 | D:13     | Noticed a five-headed hydra
 22858 | D:13     | Noticed a centaur warrior
 22881 | D:13     | Killed a centaur warrior
 22969 | D:13     | Reached XP level 14. HP: 92/92 MP: 20/20
 23225 | D:13     | Received a gift from Trog
 23634 | D:13     | Found a runed door.
 24092 | Lair:6   | Entered Level 6 of the Lair of Beasts
 24210 | Lair:6   | Noticed Kagorn's ghost (journeyman GrBe)
 24260 | Lair:6   | Killed Kagorn's ghost
 24260 | Lair:6   | Reached skill level 10 in Crossbows
 24685 | Lair:6   | Received a gift from Trog
 24861 | Lair:6   | Found a viscous altar of Jiyva.
 24861 | Lair:6   | Found a staircase to the Slime Pits.
 25034 | Lair:5   | Received a gift from Trog
 26037 | Lair:6   | Paralysed by a hornet for 2 turns
 26195 | Lair:6   | Reached skill level 1 in Shields
 26377 | Lair:6   | Identified the Compendium of Earthen Calling
 26949 | Swamp:1  | Entered Level 1 of the Swamp
 26988 | Swamp:1  | Noticed Aizul
 27186 | Swamp:1  | Killed Aizul
 27186 | Swamp:1  | Reached XP level 15. HP: 100/100 MP: 7/21
 27582 | Swamp:1  | Reached skill level 15 in Stealth
 27768 | Swamp:1  | Noticed Kirke
 27869 | Swamp:1  | Killed Kirke
 28013 | Swamp:1  | Got a faintly humming chain mail
 28014 | Swamp:1  | Identified the +8 chain mail of Elyvilon's Envy {Int+6} (You found it on level 1 of the Swamp)
 28023 | Swamp:1  | Found a runed door.
 28463 | Swamp:1  | Killed from afar by a spriggan druid

Skill      XL: |  1  2  3  4  5  6  7  8  9 10 11 12 13 14 15 |
---------------+----------------------------------------------+-----
Stealth        | 1 2 3 4 5 6 8 10 12 13 14 15 | 15.4
Short Blades   | 5 6 7 8 9 11 12 | 12.0
Dodging        | 3 5 8 9 10 11 | 11.3
Fighting       | 5 8 9 11 12 13 14 | 14.1
Armour         | 2 4 5 |  5.7
Evocations     | 3 7 8 |  8.1
Crossbows      | 8 12 13 | 13.4
Shields        | 1 3 |  3.3

Action                   |  1- 3 |  4- 6 |  7- 9 | 10-12 | 13-15 || total
-------------------------+-------+-------+-------+-------+-------++-------
Melee: Short sword       |   114 |   268 |   198 |   732 |  1339 ||  2651
       Quick blade       |       |       |       |       |    24 ||    24
 Fire: Arbalest          |       |       |       |       |   177 ||   177
Throw: Stone             |       |     7 |       |       |       ||     7
       Tomahawk          |       |       |     7 |    22 |     7 ||    36
Invok: Berserk           |     3 |    11 |    17 |    30 |    37 ||    98
       Burn Spellbooks   |       |     1 |       |       |     2 ||     3
       Brothers in Arms  |       |       |     1 |     1 |     7 ||     9
       Trog's Hand       |       |       |       |     8 |    10 ||    18
Evoke: Wand              |       |       |       |     6 |     7 ||    13
  Use: Potion            |       |     1 |       |     1 |     9 ||    11
       Scroll            |       |       |    16 |    10 |    10 ||    36
 Stab: Sleeping          |     1 |     3 |     9 |    25 |    13 ||    51
       Distracted        |       |       |       |     2 |     3 ||     5
  Eat: Chunk             |    14 |    20 |    23 |    72 |    60 ||   189
       Ration            |       |       |       |       |     1 ||     1
Armor: Ring mail         |    16 |    53 |    30 |    25 |       ||   124
       Animal skin       |     1 |       |       |       |       ||     1
       Chain mail        |       |       |       |    60 |   467 ||   527
Dodge: Dodged            |    71 |   157 |    93 |   238 |   779 ||  1338
